 Dungeon Crawl Stone Soup version 0.17-a0-18-gc25b939 (webtiles) character file.

60 JacquesDerrida the Caller (level 4, -4/30 HPs)
             Began as a Merfolk Summoner on Mar 7, 2015.
             Killed by divine providence
             ... invoked by an orc priest
              (16 damage)
             ... on level 4 of the Dungeon.
             The game lasted 00:06:49 (1714 turns).

JacquesDerrida the Caller (Merfolk Summoner)        Turns: 1714, Time: 00:06:50

Health: -4/30      AC:  5    Str:  8    XL:     4   Next: 6%
Magic:  3/7        EV: 13    Int: 15    God:
Gold:   136        SH:  0    Dex: 14    Spells: 3 memorised, 1 level left

rFire  . . .     SeeInvis .     b - +0 blowgun
rCold  . . .     Clarity  .     t - +0 robe
rNeg   . . .     SustAb   .     (no shield)
rPois  .         Gourm    .     g - +2 helmet
rElec  .         Spirit   .     (no cloak)
rCorr  .         Warding  .     (no gloves)
rMut   .         Stasis   .     (no boots)
MR     .....                    (no amulet)
Stlth  ++........               (no ring)
                                (no ring)

@: not resistant to hostile enchantments, unstealthy
A: change form in water, swift swim
a: no special abilities


You were on level 4 of the Dungeon.
You were near starving.

You visited 1 branch of the dungeon, and saw 4 of its levels.

You collected 136 gold pieces.

Inventory:

Hand weapons
 a - a +0 spear
 b - a +0 blowgun (weapon)
 e - a +0 short sword
 s - a +0 great mace
Missiles
 k - 16 poisoned needles (quivered)
 r - 4 tomahawks
Armour
 g - a +2 helmet (worn)
 t - a +0 robe (worn)
Scrolls
 h - 5 scrolls of identify {unknown}
 l - a scroll of fear {unknown}
 n - 2 scrolls of remove curse {unknown}
 o - a scroll of teleportation {unknown}
Potions
 i - a potion of brilliance {unknown}
 m - a potion of might
 p - 2 potions of haste {unknown}
Books
 d - a book of Callings

   Spells                             Type                      Level
   a - Summon Small Mammal            Summoning                    1
   b - Call Imp                       Summoning                    2
   c - Call Canine Familiar           Summoning                    3
   d - Summon Guardian Golem          Hexes/Summoning              4
   e - Summon Lightning Spire         Summoning/Air                4
   f - Summon Ice Beast               Ice/Summoning                4
 j - a book of Alchemy

   Spells                             Type                      Level
   a - Sublimation of Blood           Necromancy                   2
   b - Alistair's Intoxication        Transmutation/Poison         4
   c - Condensation Shield            Ice                          4
   d - Petrify                        Transmutation/Earth          4
   e - Ignite Poison                  Fire/Transmutation           5
   f - Irradiate                      Conjuration/Transmutation    5
Comestibles
 c - 2 bread rations
 f - 2 meat rations
 q - a beef jerky


   Skills:
 + Level 1.1 Polearms
 - Level 2.6 Dodging
 - Level 2.1 Stealth
 - Level 2.0 Spellcasting
 + Level 5.4 Summonings


You had one spell level left.
You knew the following spells:

 Your Spells              Type           Power        Failure   Level  Hunger
a - Summon Small Mammal   Summ           ###.         2%          1    #......
b - Call Imp              Summ           ###.....     4%          2    ###....
c - Call Canine Familiar  Summ           ###.....     10%         3    ###....


Dungeon Overview and Level Annotations

Branches:
Dungeon (4/15)
 Temple: D:4-7

Altars:

Annotations:
D:1 AMULETORS DIGGGG
D:4 Edmund, Natasha


Message History

Your crimson imp closely misses Edmund.
The orc priest mumbles some strange prayers to Beogh against you.
Your hound convulses in agony!
Found a runed hand axe.
A worm comes into view.
Your hound bites the orc priest but does no damage.
Found a potion of curing.
Firing (i - inventory. (,) - cycle):
k - 17 poisoned needles (quivered)
Press: ? - help, Shift-Dir - straight line, f - Edmund
Aim: Edmund, wielding a flail of venom and wearing a ring mail (lightly wounded)
You shoot a poisoned needle. The poisoned needle hits the orc!
The orc is poisoned.
The orc is heavily wounded.
You kill the orc!
Your hound bites the orc priest but does no damage.
Your crimson imp barely misses the orc priest.
The orc priest mumbles some strange prayers to Beogh against you.
Something smites you!
Ouch! That really hurt!
You die...

#########
#.........
#..........
###..w........
.............
#...........
#.!.......... #@.#
##)### #####go#.##
.) #.....@...#....
#.....5........
#..............
#####..............
.....#.....h.......
####(...!..o5......


You could see Edmund, a worm, an orc priest, an orc, a goblin, a friendly hound
and 2 friendly crimson imps.

Vanquished Creatures
  An adder (D:3)
  2 orcs (D:4)
  A ball python (D:3)
  2 giant cockroaches
  2 goblins
  A hobgoblin (D:1)
  2 kobolds (D:3)
  A bat (D:2)
  2 rats (D:2)
14 creatures vanquished.

Vanquished Creatures (collateral kills)
  An adder (D:3)
  A giant gecko (D:2)
  An ooze (D:2)
  6 orcs
  5 bats
  7 goblins
  2 hobgoblins
  3 jackals (D:3)
  3 kobolds
  2 giant newts
  4 rats
35 creatures vanquished.

Vanquished Creatures (others)
  A bat (D:1)
  A rat (D:1)
2 creatures vanquished.

Grand Total: 51 creatures vanquished

Notes
Turn   | Place    | Note
--------------------------------------------------------------
     0 | D:1      | JacquesDerrida, the Merfolk Summoner, began the quest for the Orb.
     0 | D:1      | Reached XP level 1. HP: 13/13 MP: 3/3
   135 | D:1      | Reached XP level 2. HP: 19/19 MP: 1/4
   141 | D:1      | Learned a level 2 spell: Call Imp
  1136 | D:3      | Reached XP level 3. HP: 22/24 MP: 1/6
  1148 | D:3      | Reached skill level 5 in Summonings
  1181 | D:3      | Learned a level 3 spell: Call Canine Familiar
  1494 | D:4      | Noticed Natasha
  1559 | D:3      | HP: 1/24 [poisoned by an adder]
  1678 | D:4      | Noticed Edmund
  1703 | D:4      | Reached XP level 4. HP: 11/30 MP: 2/7
  1704 | D:4      | Reached skill level 1 in Polearms
  1714 | D:4      | Killed from afar by an orc priest

Action                   |  1- 3 |  4- 6 || total
-------------------------+-------+-------++-------
Melee: Short sword       |    62 |       ||    62
 Fire: Blowgun           |     5 |     1 ||     6
 Cast: Summon Small Mamm |    12 |       ||    12
       Call Imp          |    16 |       ||    16
       Call Canine Famil |     3 |       ||     3
  Use: Potion            |     4 |       ||     4
 Stab: Sleeping          |     2 |       ||     2
  Eat: Chunk             |     3 |       ||     3
